 Dungeon Crawl Stone Soup version 0.19-a0-1365-gb34f4cb (webtiles) character file.

3612 mopl the Grappler (level 9, -24/80 HPs)
             Began as a Troll Wizard on Sept 2, 2016.
             Was an Elder of Cheibriados.
             Killed from afar by a deep elf mage (27 damage)
             ... with a bolt of lightning
             ... on level 10 of the Dungeon.
             The game lasted 00:18:20 (2751 turns).

mopl the Grappler (Troll Wizard)                    Turns: 2751, Time: 00:18:22

Health: -24/80     AC:  6    Str: 26    XL:     9   Next: 86%
Magic:  8/11       EV: 15    Int: 30    God:    Cheibriados [****..]
Gold:   123        SH:  0    Dex: 29    Spells: 4 memorised, 4 levels left

rFire  + . .     SeeInvis .       - Unarmed
rCold  + + .     Gourm    +     O - +0 robe {rC+ rF+}
rNeg   . . .     Faith    +     (no shield)
rPois  .         Spirit   .     b - +0 hat
rElec  .         Dismiss  .     g - +0 cloak
rCorr  .         Reflect  .     (gloves unavailable)
MR     +....     Harm     .     (boots unavailable)
Stlth  +.........               A - amulet "Ivuew" {Faith *Drain rC+ MR+ Dex+10, !d!R}
                                v - +6 ring of intelligence
                                e - +4 ring of evasion

@: confused, repel missiles, very slow
A: unfitting armour, claws 3, fast metabolism 3, gourmand, regeneration 1,
shaggy fur 1, tough skin 2
a: Bend Time, Temporal Distortion, Slouch, Renounce Religion


You were on level 10 of the Dungeon.
You worshipped Cheibriados.
Cheibriados was greatly pleased with you.
You were very full.

You visited 1 branch of the dungeon, and saw 11 of its levels.

You collected 376 gold pieces.
You spent 253 gold pieces at shops.

Inventory:

Hand Weapons
 s - a +1 glaive
 t - the +1 long sword of Hospitality {freeze, rN++ Str+4 Int-5 Dex+4, unknown}
   (You found it on level 9 of the Dungeon)

   It has been specially enchanted to freeze those struck by it, causing extra
   injury to most foes and up to half again as much damage against particularly
   susceptible opponents.
   It can also slow down cold-blooded creatures.
   It affects your strength (+4).
   It affects your intelligence (-5).
   It affects your dexterity (+4).
   It greatly protects you from negative energy.
Missiles
 n - 5 javelins (quivered)
 o - 8 tomahawks of returning
 x - 2 throwing nets
 y - 31 poisoned needles
 L - 3 exploding tomahawks
Armour
 b - a +0 hat (worn)
 g - a +0 cloak (worn)
 i - a +0 shield
 I - a steam dragon hide
 O - a +0 robe of resistance (worn)
Jewellery
 e - a +4 ring of evasion (left claw)
 u - an uncursed amulet of guardian spirit
 v - a +6 ring of intelligence (right claw)
 A - the amulet "Ivuew" (around neck) {Faith *Drain rC+ MR+ Dex+10, !d!R}
   (You found it on level 7 of the Dungeon)

   [amulet of faith]

   It allows you to gain divine favour quickly.
   It affects your dexterity (+10).
   It protects you from cold.
   It affects your resistance to hostile enchantments.
   It causes draining when unequipped.
 B - a +1 ring of evasion
 T - an uncursed ring of wizardry
Wands
 h - a wand of polymorph (10/24)
 j - a wand of teleportation (4/9)
 z - a wand of teleportation (2/9)
 F - a wand of lightning (3/15)
 G - a wand of flame (23/48)
Scrolls
 a - a scroll of enchant armour {unknown}
 k - 2 scrolls of remove curse
 C - 2 scrolls of immolation {!r}
 H - a scroll of fog
 J - 3 scrolls of teleportation
 K - a scroll of recharging
 Q - a scroll of enchant weapon
 R - a scroll of magic mapping {unknown}
 S - a scroll of holy word {unknown}
Potions
 l - a potion of ambrosia
 p - a potion of agility
 q - a potion of lignification {!q}
 r - a potion of curing
 E - a potion of brilliance {unknown}
 M - a potion of cancellation {unknown}
 N - a potion of beneficial mutation {unknown}
Books
 c - a book of Minor Magic

   Spells                             Type                      Level
   a - Magic Dart                     Conjuration                  1
   b - Blink                          Translocation                2
   c - Call Imp                       Summoning                    2
   d - Repel Missiles                 Charms/Air                   2
   e - Slow                           Hexes                        2
   f - Conjure Flame                  Conjuration/Fire             3
   g - Mephitic Cloud                 Conjuration/Poison/Air       3
Comestibles
 d - 6 bread rations
 f - 2 meat rations
 m - a royal jelly
 w - a slice of pizza
 D - a beef jerky
 P - 5 chunks of flesh


   Skills:
 + Level 2.7 Fighting
 + Level 2.1 Dodging
 - Level 1.1 Stealth
 * Level 11.0 Unarmed Combat
 - Level 2.0 Spellcasting
 - Level 3.1 Conjurations
   Level 0.6 Summonings
 - Level 0.6 Translocations
 - Level 3.0 Air Magic
 - Level 2.0 Poison Magic
 + Level 2.6 Invocations


You had 4 spell levels left.
You knew the following spells:

 Your Spells              Type           Power        Failure   Level  Hunger
a - Magic Dart            Conj           ###.         1%          1    None
d - Mephitic Cloud        Conj/Pois/Air  ###.....     10%         3    ###....
e - Blink                 Tloc           N/A          12%         2    ##.....
i - Repel Missiles        Chrm/Air       ##....       8%          2    ##.....


Dungeon Overview and Level Annotations

Branches:
Dungeon (11/15)
 Temple: D:4-7         Lair: D:8-11         Orc: D:9-12

Altars:
Ashenzari
Cheibriados
Nemelex Xobeh
Ru
Sif Muna
Trog
The Shining One

Shops:
D:6 ?

Annotations:
D:5 Edmund


Innate Abilities, Weirdness & Mutations

You are too large for most types of armour.
You have claws for hands.
Your metabolism is lightning-fast.
You like to eat raw meat.
Your natural rate of healing is unusually fast.
You are covered in fur. (AC +1)
You have very tough skin. (AC +2)


Message History

Cheibriados thoroughly appreciates the change of pace.
The wolf is engulfed in noxious fumes.
The wolf appears confused.
The wolf closely misses the hound.
The hound bites you.
Things that are here:
an enchanted whip; a gnoll corpse You bump into the rock wall.
The hound bites you. x2
You bump into the rock wall.
The hound is engulfed in noxious fumes.
The hound appears confused.
The hound bites you but does no damage.
The deep elf mage points at you and mumbles some strange words.
The bolt of lightning hits the wolf.
The bolt of lightning misses you. The bolt of lightning hits you!
* * * LOW HITPOINT WARNING * * *
The bolt of lightning hits the hound.
The hound dies!
You're too confused to move!
The deep elf mage casts a spell at you.
The bolt of lightning hits the wolf.
The wolf dies!
The bolt of lightning hits you!
You die...

#.......#
#.......# #
####..≈≈...#
.#.####......≈...#
............h....#
......≈..#....e..#
≈≈..≈....#.##†#.##
≈≈.≈...†.†.##.#.#
≈.≈≈≈h...####@).#
≈≈≈≈≈≈≈..# ##..#
.≈≈≈≈≈≈..# #..#
.........# #..#
.≈;≈≈≈...# ##>#
≈≈≈≈.....# #.#
≈≈≈≈≈≈..# #.# #.#
...


You could see a deep elf mage and a hound (confused).

Vanquished Creatures
  Maurice (D:9)
  A troll (D:10)
  A two-headed ogre (D:9)
  A steam dragon (D:9)
  2 orc warriors (D:6)
  9 ogres
  A wolf (D:10)
  A centaur (D:7)
  3 giant frogs
  A gnoll sergeant (D:10)
  A wyvern skeleton (D:8)
  4 killer bees (D:9)
  5 howler monkeys
  2 crimson imps
  2 quasits
  7 hounds
  6 orc wizards
  A giant frog skeleton (D:5)
  2 orc priests (D:7)
  A centaur skeleton (D:6)
  An iguana (D:9)
  5 worker ants
  A hound zombie (D:5)
  A hound skeleton (D:5)
  Robin (D:4)
  6 gnolls
  3 adders
  2 shadow imps (D:6)
  2 adder zombies
  3 adder skeletons
  A worm (D:5)
  7 giant geckos
  19 orcs
  A giant cockroach (D:2)
  13 goblins
  2 hobgoblins
  5 jackals
  3 kobolds
  3 quokkas
  2 giant newts
  A jackal zombie (D:9)
  A rat (D:2)
135 creatures vanquished.

Vanquished Creatures (collateral kills)
  A killer bee (D:9)
1 creature vanquished.

Vanquished Creatures (others)
  A wolf (D:10)
  A hound (D:10)
2 creatures vanquished.

Grand Total: 138 creatures vanquished

Notes
Turn   | Place    | Note
-------+----------+-------------------------------------------
     0 | D:1      | mopl the Troll Wizard began the quest for the Orb.
     0 | D:1      | Reached XP level 1. HP: 16/16 MP: 2/2
    22 | D:2      | Reached skill level 1 in Unarmed Combat
    22 | D:2      | Reached XP level 2. HP: 5/24 MP: 4/4
    62 | D:2      | Reached skill level 2 in Unarmed Combat
   121 | D:2      | Found a sacrificial altar of Ru.
   121 | D:2      | Found a glowing golden altar of the Shining One.
   122 | D:2      | Found a sparkling altar of Nemelex Xobeh.
   317 | D:4      | Reached XP level 3. HP: 16/31 MP: 5/5
   321 | D:4      | Noticed an ogre
   322 | D:4      | Learned a level 3 spell: Mephitic Cloud
   342 | D:4      | Learned a level 2 spell: Blink
   366 | D:5      | Entered Level 5 of the Dungeon
   366 | D:5      | Noticed Edmund
   402 | D:4      | Reached skill level 3 in Unarmed Combat
   410 | D:4      | Killed an ogre
   410 | D:4      | Reached skill level 4 in Unarmed Combat
   410 | D:4      | Reached XP level 4. HP: 33/39 MP: 3/6
   438 | D:3      | Noticed Robin
   483 | D:4      | Reached XP level 5. HP: 45/45 MP: 7/7
   513 | D:4      | Killed Robin
   528 | D:3      | Found a bloodstained altar of Trog.
   592 | D:5      | Found a shattered altar of Ashenzari.
   605 | D:5      | Reached skill level 5 in Unarmed Combat
   607 | D:5      | Became a worshipper of Ashenzari the Shackled
   614 | D:5      | Fell from the grace of Ashenzari
   672 | D:5      | Noticed an ogre
   685 | D:5      | Killed an ogre
   685 | D:5      | Reached skill level 6 in Unarmed Combat
   685 | D:5      | Reached XP level 6. HP: 53/53 MP: 4/8
   778 | D:5      | Found a snail-covered altar of Cheibriados.
   781 | D:5      | Became a worshipper of Cheibriados the Contemplative
  1089 | D:6      | Was forgiven by Ashenzari
  1089 | D:6      | Reached skill level 7 in Unarmed Combat
  1106 | D:6      | Noticed an orc warrior
  1207 | D:6      | Reached XP level 7. HP: 54/59 MP: 4/9
  1239 | D:6      | Learned a level 2 spell: Repel Missiles
  1320 | D:7      | Reached * piety under Cheibriados
  1351 | D:7      | Reached skill level 8 in Unarmed Combat
  1362 | D:7      | Reached skill level 1 in Air Magic
  1362 | D:7      | Reached skill level 1 in Poison Magic
  1418 | D:6      | Reached XP level 8. HP: 52/67 MP: 3/10
  1542 | D:6      | Reached skill level 2 in Poison Magic
  1590 | D:6      | Reached skill level 2 in Air Magic
  1604 | D:7      | Got a translucent sapphire amulet
  1606 | D:7      | Identified the amulet "Ivuew" {Faith *Drain rC+ MR+ Dex+10} (You found it on level 7 of the Dungeon)
  1634 | D:7      | Reached skill level 9 in Unarmed Combat
  1634 | D:7      | Reached skill level 1 in Conjurations
  1737 | D:7      | Reached ** piety under Cheibriados
  1867 | D:8      | Reached skill level 2 in Conjurations
  1875 | D:8      | Found a deep blue altar of Sif Muna.
  1965 | D:8      | Reached XP level 9. HP: 74/74 MP: 1/11
  2044 | D:7      | Reached skill level 10 in Unarmed Combat
  2044 | D:7      | Reached skill level 3 in Air Magic
  2163 | D:6      | Found Douplism's Magic Scroll Boutique.
  2171 | D:6      | Bought a scroll of fog for 26 gold pieces
  2171 | D:6      | Bought a scroll of identify for 26 gold pieces
  2171 | D:6      | Bought a scroll of identify for 26 gold pieces
  2171 | D:6      | Bought a scroll of teleportation for 39 gold pieces
  2171 | D:6      | Bought a scroll of recharging for 123 gold pieces
  2171 | D:6      | Bought a scroll of random uselessness for 13 gold pieces
  2251 | D:8      | Reached *** piety under Cheibriados
  2381 | D:9      | Reached skill level 1 in Fighting
  2381 | D:9      | Reached skill level 1 in Invocations
  2451 | D:9      | Noticed Maurice
  2489 | D:9      | Killed Maurice
  2489 | D:9      | Reached skill level 2 in Fighting
  2489 | D:9      | Reached skill level 3 in Conjurations
  2489 | D:9      | Reached skill level 2 in Invocations
  2642 | D:9      | Got a pitted long sword
  2667 | D:10     | Entered Level 10 of the Dungeon
  2695 | D:10     | Reached **** piety under Cheibriados
  2725 | D:10     | Noticed a troll
  2734 | D:10     | Killed a troll
  2734 | D:10     | Reached skill level 2 in Dodging
  2738 | D:10     | Reached skill level 11 in Unarmed Combat
  2739 | D:10     | Noticed a deep elf mage
  2750 | D:10     | HP: 2/80 [deep elf mage/bolt of lightning (31)]
  2751 | D:10     | Killed from afar by a deep elf mage

Vault maps used:
D:1:      elethiomel_arrival_shortcut, wad_floor_pattern_1
D:2:      gammafunk_temple_overflow_forgotten
D:3:      nicolae_overflow_hidden_temple, makhleb_blood_cavern_becter,
          kennysheep_vampire_church, serial_co_window_serial, co_window_cross_1,
          co_window_of_opportunity_a, co_window_corner_a, co_window_corner_a,
          co_window_corner_a, co_window_corner_a, co_window_cross_2,
          co_window_corner_cb, co_window_paths_c, co_window_corner_b, uniq_robin
D:4:      hangedman_glass_teeth
D:5:      evilmike_ruin_ashenzari, kennysheep_mini_moat, first_bread,
          uniq_edmund, uniq_crazy_yiuf_cottage
D:6:      serial_shops, nicolae_shop_statue_plus, st_stairs_14
D:8:      grunt_temple_overflow_order_and_chaos_1, lemuel_crystal_altar
D:9:      uniq_maurice
D:10:     erik_lair_island, uniq_grum, uniq_harold
D:11:     serial_shops, shop, hangedman_fish_farm, serial_bayou_lagoon_a,
          kennysheep_cross_room

Skill      XL: |  1  2  3  4  5  6  7  8  9 |
---------------+----------------------------+-----
Unarmed Combat | 1 2 4 6 7 8 9 11 | 11.0
Air Magic      | 1 2 3 |  3.0
Poison Magic   | 1 2 |  2.0
Conjurations   | 2 3 |  3.1
Fighting       | 2 |  2.7
Invocations    | 2 |  2.6
Dodging        | 2 |  2.1
Stealth        | |  1.1
Spellcasting   | |  2.0
Summonings     | |  0.6
Translocations | |  0.6

Action                   |  1- 3 |  4- 6 |  7- 9 || total
-------------------------+-------+-------+-------++-------
Melee: Unarmed           |    70 |   128 |   234 ||   432
       Punch             |       |       |    15 ||    15
 Cast: Mephitic Cloud    |     1 |       |    15 ||    16
       Blink             |       |     1 |     5 ||     6
       Repel Missiles    |       |       |     2 ||     2
Invok: Renounce Religion |       |     1 |       ||     1
  Use: Scroll            |       |       |    10 ||    10
       Potion            |       |       |     2 ||     2
 Stab: Sleeping          |       |     1 |     1 ||     2
       Confused          |       |       |     7 ||     7
  Eat: Chunk             |     9 |     9 |    11 ||    29
Armor: Robe              |    11 |    33 |    54 ||    98
Dodge: Dodged            |    32 |   100 |   192 ||   324
       Deflected         |       |       |     3 ||     3
